 Dungeon Crawl Stone Soup version 0.30-a0-737-gf23d94013f (webtiles) character file.

Game seed: 11469692718147579141

390653 mopl the Worldbinder (level 23, -24/174 (183) HPs)
             Began as a Merfolk Summoner on Jan 26, 2023.
             Was a High Priest of Sif Muna.
             Killed from afar by a tengu reaver (62 damage)
             ... with a bolt of fire
             ... on level 5 of the Vaults on Feb 2, 2023.
             The game lasted 03:11:20 (49864 turns).

mopl the Worldbinder (Merfolk Summoner)            Turns: 49864, Time: 03:11:21

HP:   -24/174 (183) AC: 19    Str: 14    XL:     23   Next: 39%
MP:   41/45         EV: 22    Int: 33    God:    Sif Muna [*****.]
Gold: 3215          SH: 14    Dex: 14    Spells: 0/58 levels left

rFire   . . .      SeeInvis +    a - +3 demon trident (freeze)
rCold   + + .      Faith    .    P - +3 kite shield of Dyspraxia {rCorr Int+2}
rNeg    . . .      Spirit   .    i - +3 troll leather armour of Brilliance {rPois rC+ Regen+ rCorr}
rPois   +          Reflect  .    A - +2 helmet {SInv}
rElec   .          Harm     .    Y - +0 cloak "Liotsyag" {rPois}
rCorr   +          Rampage  .    W - +2 pair of gloves
Will    ++...                    T - +2 pair of boots of Tomorrow {Str+5}
Stlth   ++                       (no amulet)
HPRegen 1.29/turn                Q - +5 ring of evasion
MPRegen 0.29/turn                M - ring of Kutwef {rC+ Will+ Int+6}

@: about to teleport, studying Poison Magic, lightly drained
A: (nimble swimmer 2), mertail
}: 1/15 runes: barnacled
a: Renounce Religion, Channel Magic, Forget Spell, Divine Exegesis


You were on level 5 of the Vaults.
You worshipped Sif Muna.
Sif Muna was extremely pleased with you.
You visited 7 branches of the dungeon, and saw 35 of its levels.
You also visited: Ice Cave and Volcano.

You collected 4681 gold pieces.
You spent 1466 gold pieces at shops.

Inventory:

Hand Weapons
 a - a +3 demon trident of freezing (weapon)
Missiles
 b - 3 throwing nets
 m - 52 poisoned darts
 L - 9 curare-tipped darts
 V - 14 boomerangs of dispersal
Armour
 i - the +3 troll leather armour of Brilliance (worn) {rPois rC+ Regen+ rCorr}
   (You bought it in a shop on level 7 of the Dungeon)

   rC:        It protects you from cold.
   rPois:     It protects you from poison.
   Regen:     It increases your rate of health regeneration.
   rCorr:     It protects you from acid and corrosion.
 q - a +0 hat of willpower
 A - a +2 helmet of see invisible (worn)
 P - the +3 kite shield of Dyspraxia (worn) {rCorr Int+2}
   (You found it on level 2 of the Orcish Mines)

   Int:       It affects your intelligence (+2).
   rCorr:     It protects you from acid and corrosion.
 T - the +2 pair of boots of Tomorrow (worn) {Str+5}
   (You found it on level 3 of the Elven Halls)

   Str:       It affects your strength (+5).
 W - a +2 pair of gloves (worn)
 Y - the +0 cloak "Liotsyag" (worn) {rPois}
   (You found it on level 1 of the Lair of Beasts)

   rPois:     It protects you from poison.
Jewellery
 M - the ring of Kutwef (right hand) {rC+ Will+ Int+6}
   (You took it off a deep elf sorcerer on level 3 of the Elven Halls)

   [ring of intelligence]

   Int:       It affects your intelligence (+6).
   rC:        It protects you from cold.
   Will:      It increases your willpower.
 Q - a +5 ring of evasion (left hand)
 R - a +4 ring of protection
Wands
 o - a wand of digging (17)
 w - a wand of roots (21)
 D - a wand of flame (3)
 G - a wand of polymorph (14)
 J - a wand of light (24)
 N - a wand of mindburst (16)
 O - a wand of charming (39)
Scrolls
 g - 5 scrolls of magic mapping
 h - 2 scrolls of blinking
 s - 2 scrolls of brand weapon
 t - 5 scrolls of fear
 v - 4 scrolls of poison
 y - a scroll of teleportation
 z - 4 scrolls of fog
 B - 3 scrolls of immolation
 F - a scroll of enchant armour
 H - 3 scrolls of vulnerability
 U - 5 scrolls of butterflies
Potions
 c - 7 potions of magic
 d - 13 potions of lignification {!q}
 e - 9 potions of curing
 f - 8 potions of ambrosia
 j - 10 potions of might
 k - 9 potions of flight
 n - 2 potions of heal wounds
 u - 6 potions of haste
 x - 3 potions of invisibility
 C - 5 potions of brilliance
 E - 3 potions of resistance
 K - 6 potions of berserk rage {!q}
 Z - 2 potions of cancellation
Miscellaneous
 l - a phantom mirror
 p - a tin of tremorstones (2/2)
 r - a phial of floods
 I - a condenser vane
 S - a box of beasts
 X - a lightning rod (4/4)


   Skills:
 + Level 15.8 Fighting
 - Level 14.0 Polearms
 + Level 5.9 Armour
 - Level 15.0 Dodging
 - Level 2.1 Stealth
 - Level 10.0 Shields
 * Level 18.3 Spellcasting
 - Level 5.0 Hexes
 * Level 22.1 Summonings
 - Level 5.0 Translocations
 - Level 3.0 Ice Magic
 - Level 3.0 Air Magic
 - Level 9.0 Invocations
 - Level 10.0 Evocations


You couldn't memorise any spells.
You knew the following spells:

 Your Spells              Type           Power      Damage    Failure   Level
a - Summon Cactus Giant   Summ           54%        N/A       1%          6
b - Monstrous Menagerie   Summ           54%        N/A       1%          7
c - Call Canine Familiar  Summ           100%       N/A       0%          3
d - Summon Ice Beast      Ice/Summ       85%        N/A       1%          4
e - Blink                 Tloc           100%       N/A       1%          2
f - Summon Lightning Spi  Summ/Air       85%        N/A       1%          4
g - Summon Guardian Gole  Hex/Summ       88%        N/A       1%          3
h - Summon Hydra          Summ           54%        N/A       1%          7
i - Animate Armour        Summ/Erth      100%       N/A       1%          4
j - Summon Horrible Thin  Summ           54%        N/A       2%          8
v - Summon Mana Viper     Hex/Summ       88%        N/A       1%          5
F - Summon Forest         Summ/Tloc      44%        N/A       1%          5

Your spell library contained the following spells:

 Spells                   Type           Power      Damage    Failure   Level
 Summon Small Mammal      Summ           100%       N/A       0%          1
 Call Imp                 Summ           100%       N/A       0%          2
 Apportation              Tloc           100%       N/A       1%          1
 Freeze                   Ice            100%       1d10      1%          1
 Shock                    Conj/Air       100%       1d9       1%          1
 Slow                     Hex            100%       N/A       1%          1
 Ensorcelled Hibernation  Hex/Ice        100%       N/A       1%          2
 Lesser Beckoning         Tloc           100%       N/A       1%          2
 Momentum Strike          Conj/Tloc      92%        3d10      1%          2
 Confusing Touch          Hex            58%        N/A       1%          3
 Gell's Gravitas          Tloc           58%        N/A       1%          3
 Portal Projectile        Hex/Tloc       100%       N/A       1%          3
 Teleport Other           Tloc           58%        N/A       1%          3
 Tukima's Dance           Hex            58%        N/A       1%          3
 Vhi's Electric Charge    Tloc/Air       100%       N/A       1%          3
 Poisonous Vapours        Pois/Air       80%        N/A       2%          2
 Static Discharge         Conj/Air       80%        2-6/arc   2%          2
 Beastly Appendage        Tmut           60%        N/A       3%          1
 Kiss of Death            Conj/Necr      100%       2d13      3%          1
 Magic Dart               Conj           100%       1d8       3%          1
 Necrotise                Necr           100%       1d9       3%          1
 Sting                    Tmut/Pois      100%       1d8       3%          1
 Cigotuvi's Dreadful Rot  Necr/Pois/Air  72%        N/A       3%          2
 Frozen Ramparts          Ice            98%        1d15      3%          3
 Inner Flame              Hex/Fire       46%        N/A       3%          3
 Ozocubu's Armour         Ice            49%        N/A       3%          3
 Searing Ray              Conj           60%        2d6       4%          2
 Sublimation of Blood     Necr           30%        N/A       4%          2
 Wereblood                Tmut           30%        N/A       4%          2
 Cause Fear               Hex            29%        N/A       4%          4
 Passage of Golubria      Tloc           58%        N/A       4%          4
 Hailstorm                Conj/Ice       40%        3d10      5%          3
 Mephitic Cloud           Conj/Pois/Air  36%        N/A       7%          3
 Ignite Poison            Fire/Tmut/Pois 30%        N/A       10%         3
 Spider Form              Tmut/Pois      30%        N/A       10%         3
 Stone Arrow              Conj/Erth      60%        3d10      10%         3
 Vampiric Draining        Necr           30%        2d8       10%         3
 Airstrike                Air            24%        2d(4-20)  10%         4
 Malign Gateway           Summ/Tloc      44%        N/A       11%         7
 Anguish                  Hex/Necr       23%        N/A       12%         4
 Fulminant Prism          Conj/Hex       23%        3d12      12%         4
 Leda's Liquefaction      Hex/Erth       23%        N/A       12%         4
 Ice Form                 Ice/Tmut       40%        N/A       19%         4
 Metabolic Englaciation   Hex/Ice        27%        N/A       19%         5
 Silence                  Hex/Air        27%        N/A       19%         5
 Haunt                    Necr/Summ      40%        N/A       30%         7
 Spellforged Servitor     Conj/Summ      40%        N/A       30%         7
 Animate Dead             Necr           30%        N/A       32%         4
 Dispel Undead            Necr           30%        3d14      32%         4
 Flame Wave               Conj/Fire      30%        2d9       32%         4
 Olgreb's Toxic Radiance  Pois           30%        N/A       32%         4
 Petrify                  Tmut/Erth      30%        N/A       32%         4
 Sticky Flame             Conj/Fire      30%        2d5       32%         4
 Yara's Violent Unravell  Hex/Tmut       23%        3d10      32%         5
 Dragon's Call            Summ           54%        N/A       36%         9
 Freezing Cloud           Conj/Ice/Air   21%        6-21      38%         5
 Arcjolt                  Conj/Air       20%        1d30      45%         5
 Lightning Bolt           Conj/Air       20%        1d35      45%         5
 Agony                    Necr           30%        N/A       67%         5
 Alistair's Intoxication  Tmut/Pois      20%        N/A       67%         5
 Blade Hands              Tmut           15%        N/A       67%         5
 Borgnjor's Vile Clutch   Necr/Erth      15%        N/A       67%         5
 Irradiate                Conj/Tmut      15%        3d16      67%         5
 Conjure Ball Lightning   Conj/Air       20%        3x3d6     95%         6
 Simulacrum               Ice/Necr       20%        N/A       95%         6
 Enfeeble                 Hex            29%        N/A       98%         7
 Death Channel            Necr           15%        N/A       99%         6
 Eringya's Noxious Bog    Tmut/Pois      15%        N/A       99%         6
 Starburst                Conj/Fire      15%        6d6       99%         6
 Statue Form              Tmut/Erth      20%        N/A       99%         6
 Dragon Form              Tmut           15%        N/A       100%        7
 Ozocubu's Refrigeration  Ice            24%        4d12      100%        7
 Borgnjor's Revivificati  Necr           15%        N/A       100%        8
 Discord                  Hex            29%        N/A       100%        8
 Disjunction              Tloc           29%        N/A       100%        8
 Ignition                 Fire           15%        3d6       100%        8
 Infestation              Necr           15%        N/A       100%        8
 Lehudib's Crystal Spear  Conj/Erth      15%        10d5      100%        8
 Necromutation            Tmut/Necr      15%        N/A       100%        8
 Death's Door             Necr           15%        N/A       100%        9
 Fire Storm               Conj/Fire      15%        8d4       100%        9
 Polar Vortex             Ice            24%        N/A       100%        9


Dungeon Overview and Level Annotations

Branches:
Dungeon (15/15)            Temple (1/1) D:4            Lair (5/5) D:10
 Shoals (4/4) Lair:3       Spider (0/4) Lair:3        Slime (0/5) Lair:4
    Orc (2/2) D:12            Elf (3/3) Orc:2        Vaults (4/5) D:14
  Crypt (0/3) Vaults:2     Depths (0/4) D:15          IceCv (visited)
Volcano (visited)

Altars:
Ashenzari
Cheibriados
Dithmenos
Elyvilon
Fedhas
Gozag
Hepliaklqana
Kikubaaqudgha
Makhleb
Nemelex Xobeh
Okawaru
Qazlal
Ru
Sif Muna
Trog
Uskayaw
Vehumet
Wu Jian
Xom
Yredelemnul
Zin
The Shining One

Shops:
D:7 [   Orc:1 :   Orc:2 (!((   Elf:3 =   Shoals:1 (   Shoals:3 *   Shoals:4 =

Annotations:
D:14 dig for scythe of curses
Shoals:3 2 transporters, Xeucuol's ghost, adept MiFi


Innate Abilities, Weirdness & Mutations

((You are very nimble when in or above water. (Stealth+, EV+, Speed+++)))
Your lower body shifts to a powerful aquatic tail in water.


Message History

The deep elf death mage seems to speed up.
The deep elf high priest mumbles some strange prayers to its god.
The deep elf high priest begins emitting a brilliant aura!
The deep elf high priest mumbles some strange prayers to its god against you.
The sphere of damnation explodes!
The damnation engulfs you!!
* * * LOW HITPOINT WARNING * * *
The damnation engulfs your four-headed hydra.
You hear a shout! x3
You feel much better.
The deep elf high priest starts to sing a prayer.
The deep elf death mage is empowered by the deep elf high priest's aura!
Your four-headed hydra bites the deep elf high priest!
Your four-headed hydra bites the deep elf high priest but does no damage.
Your four-headed hydra bites the deep elf high priest! x2
You catch the helpless deep elf high priest completely off-guard!
You hit the deep elf high priest. You freeze the deep elf high priest.
The deep elf high priest is severely wounded.
You impale the deep elf high priest!! You freeze the deep elf high priest.
You kill the deep elf high priest!
Sif Muna accepts your kill.
As you read the scroll of teleportation, it crumbles to dust.
You feel strangely unstable.
Your four-headed hydra bites the deep elf death mage.
Your four-headed hydra bites the deep elf death mage! x2
Your four-headed hydra closely misses the deep elf death mage.
You hit the deep elf death mage. You freeze the deep elf death mage.
The deep elf death mage is heavily wounded.
The deep elf death mage hits you but does no damage.
Your four-headed hydra closely misses the deep elf death mage.
Your four-headed hydra bites the deep elf death mage. x2
Your four-headed hydra bites the deep elf death mage!!
The titan waves its arms in wide circles.
The air twists around and strikes you!!
* * * LOW HITPOINT WARNING * * *
You hit the deep elf death mage. You freeze the deep elf death mage.
You kill the deep elf death mage!
Sif Muna accepts your kill.
The tengu reaver points at you and mumbles some strange words.
The bolt of fire hits you!!!
You die...

#....# #....#
#....# #.Q..#
#....# #....#
#....# #.)..#
#.@D.# #.)..#
#....# ..♣#
#.Q..# ....#
#!...# .. ....♣
#.C..##.
.....♣#....#'#
......#....#.##♣
..............+


You could see a titan (empowered), 2 tengu reavers and a friendly four-headed
hydra (summoned).

Vanquished Creatures
  A dread lich (Vaults:4)
  2 Ice Fiends (IceCv)
  A titan (Vaults:4)
  A deep elf master archer (Elf:3)
  3 sphinxes
  2 shadow dragons
  2 deep elf sorcerers (Elf:3)
  3 vault wardens
  2 fire giants
  5 ironbound preservers
  6 very ugly things
  3 stone giants (Vaults:4)
  2 deep elf elementalists
  5 ironbound thunderhulks
  2 deep elf demonologists
  An eleionoma (Shoals:2)
  Azrael (D:14)
  3 deep elf annihilators (Elf:3)
  The ghost of CoolSool the Basher, a journeyman DrGl of Okawaru (Lair:1)
  3 crystal guardians (Vaults:4)
  2 deep elf death magi
  2 merfolk impalers
  A deep elf high priest (Vaults:5)
  3 merfolk javelineers (Shoals:4)
  3 ettins
  2 great orbs of eyes
  An entropy weaver (Vaults:4)
  8 yaktaur captains
  A two-headed ogre (D:13)
  8 vault guards
  2 ogre magi (Vaults:5)
  An anaconda (shapeshifter) (D:10)
  2 merfolk aquamancers (Shoals:4)
  12 centaur warriors
  3 death yaks (Lair:4)
  3 merfolk avatars
  A tengu warrior (D:14)
  2 dancing weapons
  3 orc high priests
  A satyr (Shoals:2)
  A deep elf knight (Elf:2)
  17 deep trolls
  A flayed ghost (Vaults:4)
  3 sea snakes
  A deep elf archer (Elf:1)
  A kraken simulacrum (Shoals:4)
  A spriggan simulacrum (IceCv)
  4 lindwurms
  6 ironbound convokers
  A phantasmal warrior (Vaults:4)
  2 wizards
  7 harpies
  8 deep elf zephyrmancers
  3 orc knights
  10 deep elf pyromancers
  7 ugly things
  17 fauns
  2 orc sorcerers (Orc:2)
  5 manticores
  3 merfolk sirens
  A cyclops (shapeshifter) (Vaults:4)
  3 elephants
  A guardian serpent (Vaults:4)
  4 black mambas
  2 water nymphs (Shoals:3)
  4 vault sentinels
  4 cane toads
  11 yaktaurs
  2 rime drakes (Lair:5)
  2 guardian mummies (D:14)
  An ice devil (IceCv)
  An efreet (Volcano)
  A freezing wraith (IceCv)
  4 komodo dragons
  4 trolls
  A meliai (D:15)
  A polar bear (Lair:1)
  10 merfolk
  3 wind drakes (Shoals:4)
  A hornet (Lair:5)
  7 dream sheep
  11 blink frogs
  3 snapping turtles
  3 slime creatures
  2 shadows
  5 wyverns
  A vampire (D:10)
  A culicivora (Lair:3)
  2 water elementals
  14 yaks
  2 wraiths
  3 humans (D:14)
  2 basilisks
  2 steam dragons (D:7)
  A fire elemental (Volcano)
  2 minotaur simulacra (IceCv)
  3 redbacks
  5 vampire mosquitoes
  A hell hound (D:14)
  11 water moccasins
  2 ice beasts
  17 orc warriors
  4 ogres
  A boggart (Vaults:1)
  A phantom (D:6)
  12 centaurs
  2 elf simulacra (Elf:2)
  A gnoll sergeant (D:9)
  6 bullfrogs
  A cane toad simulacrum (Lair:5)
  A wight (D:8)
  6 killer bees (Lair:4)
  3 electric eels (Lair:4)
  3 howler monkeys
  3 jellies
  2 gnoll boudas
  2 komodo dragon simulacra (Lair:5)
  14 orc priests
  A hound (D:6)
  An iguana (shapeshifter) (Vaults:4)
  3 iguanas
  10 orc wizards
  4 mummies (D:14)
  6 gnolls
  4 adders
  A shadow imp (D:7)
  3 white imps
  3 ufetubi
  3 worms
  A dart slug (D:3)
  38 orcs
  3 ball pythons
  8 bats
  2 endoplasms (D:1)
  5 giant cockroaches (D:3)
  4 goblins
  2 hobgoblins
  2 jackals
  7 kobolds
  3 quokkas
  3 frilled lizards
  12 rats
  3 butterflies (Vaults:4)
565 creatures vanquished.

Vanquished Creatures (collateral kills)
  An ancient lich (Vaults:5)
  Mara (Shoals:3)
  Bai Suzhen (Vaults:3)
  Frederick (Vaults:3)
  2 tentacled monstrosities (Vaults:4)
  Mlioglotl (Shoals:1)
  Zenata (Vaults:3)
  Jorgrun (Orc:2)
  A titan (Vaults:4)
  A quicksilver dragon (Vaults:4)
  A deep elf master archer (Elf:3)
  2 deep elf blademasters (Elf:3)
  A kraken (Shoals:2)
  2 ancient champions (Elf:2)
  2 sphinxes
  Gastronok (Lair:1)
  Agnes (D:15)
  3 shadow dragons (Vaults:4)
  A storm dragon (Vaults:4)
  3 tengu reavers
  Ilsuiw (Shoals:2)
  3 fire giants
  9 vault wardens
  3 deep elf sorcerers (Elf:3)
  An iron dragon (Vaults:4)
  3 deep elf elementalists (Elf:3)
  An orc warlord (Vaults:3)
  13 ironbound preservers
  A war gargoyle (Vaults:4)
  2 stone giants (Vaults:5)
  7 very ugly things
  3 ironbound thunderhulks
  The ghost of MCDelver the Arsonist, a journeyman OpFE of Gozag (Lair:5)
  An eleionoma (Shoals:2)
  A vampire knight (Elf:2)
  2 dire elephants
  6 deep elf annihilators
  8 deep elf demonologists
  11 deep elf death magi
  An eidolon (Elf:2)
  3 ettins
  A fire dragon (D:15)
  5 merfolk javelineers
  An entropy weaver (Vaults:1)
  An ettin (shapeshifter) (Vaults:4)
  A jiangshi (Elf:2)
  4 merfolk impalers
  5 yaktaur captains
  An ice dragon (D:15)
  Erolcha (D:10)
  25 vault guards
  2 hydras (D:15)
  3 great orbs of eyes
  2 deep elf high priests
  A catoblepas (Lair:1)
  3 peacekeepers
  2 death knights (Vaults:2)
  A caustic shrike simulacrum (IceCv)
  An alligator (shapeshifter) (Vaults:4)
  11 centaur warriors
  4 merfolk aquamancers
  3 satyrs
  A boulder beetle (D:13)
  4 ironbound frosthearts
  2 merfolk avatars
  23 dancing weapons
  2 tengu warriors
  2 two-headed ogres (D:11)
  A death yak (Lair:4)
  A vampire mage (Elf:2)
  The ghost of wogdood the Covert, a journeyman SpBr of Uskayaw (Orc:2)
  2 deep troll earth magi
  4 orc high priests (Orc:2)
  Nergalle (Lair:3)
  9 deep elf knights
  A fire crab (D:10)
  7 sea snakes
  A shadow wraith (Elf:2)
  4 skeletal warriors
  39 deep trolls
  An orange crystal statue (IceCv)
  2 elf simulacra (Elf:2)
  2 spriggan simulacra (IceCv)
  4 wizards
  5 lindwurms
  3 phantasmal warriors (Vaults:4)
  9 ironbound convokers
  22 deep elf zephyrmancers
  An obsidian statue (IceCv)
  4 harpies
  11 orc knights
  2 orc sorcerers (Orc:2)
  7 deep elf archers (Elf:2)
  A necromancer (D:14)
  15 deep elf pyromancers
  4 fauns
  A wolf spider (Lair:5)
  3 manticores (Shoals:4)
  17 ugly things
  2 cyclopes
  4 elephants
  A guardian serpent (Lair:5)
  5 black mambas
  10 vault sentinels
  3 spectral elves (Elf:2)
  6 merfolk sirens
  8 water nymphs
  5 cane toads
  Maggie (Lair:2)
  2 torpor snails
  Psyche (D:12)
  5 molten gargoyles (Volcano)
  7 komodo dragons
  16 yaktaurs
  2 ice devils (IceCv)
  A rime drake (Lair:4)
  9 freezing wraiths
  2 golden dragon simulacra (IceCv)
  A tengu conjurer (D:14)
  2 anaconda simulacra (IceCv)
  3 efreet
  2 guardian mummies (D:14)
  22 merfolk
  A queen bee (Lair:4)
  6 trolls
  4 meliai
  6 wind drakes
  5 hornets
  15 blink frogs
  A hornet (shapeshifter) (Elf:2)
  9 snapping turtles
  7 dream sheep
  Sigmund (D:2)
  13 slime creatures
  A culicivora (Lair:3)
  2 shadows
  The ghost of PaleRider the Shield-Bearer, an amateur TrFi (D:3)
  9 water elementals
  2 air elementals
  A vampire (D:11)
  2 wraiths
  12 wyverns
  13 yaks
  8 fire elementals
  17 humans (D:14)
  A basilisk (Lair:2)
  3 redbacks (Lair:5)
  2 steam dragons
  3 wargs
  2 minotaur simulacra (IceCv)
  6 vampire mosquitoes
  An acid dragon (D:12)
  10 water moccasins
  A harpy simulacrum (IceCv)
  A hydra simulacrum (IceCv)
  An alligator simulacrum (IceCv)
  A hell hound (D:14)
  28 orc warriors
  An ice beast (D:8)
  2 sky beasts
  A black bear (D:7)
  4 ogres
  6 centaurs
  4 wolves (Lair:1)
  A phantom (D:6)
  3 bullfrogs
  3 earth elementals
  A deep troll simulacrum (IceCv)
  2 gnoll sergeants
  3 scorpions
  2 wights (D:8)
  A dream sheep simulacrum (Lair:5)
  11 killer bees
  2 lindwurm simulacra
  5 nameless horrors
  A hound (D:5)
  A jelly (Lair:4)
  22 orc priests
  Crazy Yiuf (D:6)
  13 orc wizards
  10 gnolls
  5 adders
  A shadow imp (D:3)
  3 ufetubi
  A worm (D:3)
  2 dart slugs
  62 orcs
  2 ball pythons (D:1)
  A bat (D:1)
  3 endoplasms
  6 giant cockroaches (D:3)
  3 hobgoblins
  5 jackals
  A quokka (D:3)
  2 goblins
  2 kobolds (D:1)
  12 rats (D:3)
  13 butterflies (Vaults:4)
  2 lost souls (Elf:2)
  A tentacle (Shoals:2)
949 creatures vanquished.

Vanquished Creatures (others)
  Donald (Orc:2)
  A vault warden (Vaults:5)
  2 very ugly things
  An ettin (D:10)
  A death yak (Lair:4)
  3 deep elf knights (Elf:2)
  A wizard (D:14)
  A cyclops (D:10)
  An ugly thing (Vaults:4)
  Joseph (D:7)
  2 meliai (Lair:4)
  A merfolk (Shoals:4)
  3 vampire mosquitoes (D:9)
  A water moccasin (Lair:1)
  An orc warrior (D:4)
  A centaur (D:9)
  A wight (D:8)
  5 killer bees (Lair:4)
  A torpor snail simulacrum (Lair:5)
  A jelly (Lair:4)
  A ball python (D:4)
  A fire vortex (Volcano)
  36 fungi
  A lost soul (Elf:2)
  138 plants
  11 snaplasher vines
  6 tentacles (Shoals:2)
  4 toadstools (Lair:1)
228 creatures vanquished.

Grand Total: 1742 creatures vanquished

Notes
Turn   | Place    | Note
-------+----------+-------------------------------------------
     0 | D:1      | mopl the Merfolk Summoner began the quest for the Orb.
     0 | D:1      | Reached XP level 1. HP: 13/13 MP: 3/3
   260 | D:1      | Reached XP level 2. HP: 19/19 MP: 1/5
   263 | D:1      | Learned a level 2 spell: Call Imp
   692 | D:1      | Reached XP level 3. HP: 8/24 MP: 3/6
   762 | D:1      | Learned a level 3 spell: Call Canine Familiar
  1392 | D:2      | Noticed Sigmund
  1463 | D:3      | Reached skill level 3 in Spellcasting
  1480 | D:3      | Found a glowing silver altar of Zin.
  1573 | D:3      | Reached XP level 4. HP: 25/30 MP: 5/8
  1861 | D:3      | Found a runed translucent gate.
  1863 | D:3      | Found a runed translucent gate.
  1863 | D:3      | Found a runed translucent gate.
  1958 | D:3      | Reached skill level 5 in Summonings
  1998 | D:3      | Learned a level 3 spell: Summon Guardian Golem
  2149 | D:3      | Noticed PaleRider's ghost (amateur TrFi)
  2225 | D:3      | Found a shadowy altar of Dithmenos.
  2747 | D:4      | Reached XP level 5. HP: 35/35 MP: 10/10
  2814 | D:4      | Found a staircase to the Ecumenical Temple.
  2823 | Temple   | Entered the Ecumenical Temple
  3018 | D:4      | Reached skill level 1 in Hexes
  3062 | D:4      | Reached skill level 1 in Polearms
  3277 | D:4      | Reached skill level 2 in Polearms
  3283 | D:4      | Reached XP level 6. HP: 41/41 MP: 9/11
  3391 | D:4      | Reached skill level 2 in Hexes
  3537 | D:4      | Noticed an orc warrior
  3680 | D:4      | Found Ceul's Magic Scroll Boutique.
  3974 | D:4      | Reached skill level 4 in Spellcasting
  3977 | D:4      | Found a shimmering blue altar of Sif Muna.
  3984 | D:4      | Got Sif Muna's Volume of Algor
  3986 | D:4      | Became a worshipper of Sif Muna the Loreminder
  3991 | D:4      | Found a bloodstained altar of Trog.
  4004 | D:4      | Killed an orc warrior
  4005 | D:4      | Reached skill level 3 in Polearms
  4101 | D:4      | Learned a level 4 spell: Summon Lightning Spire
  4125 | D:4      | Reached skill level 1 in Invocations
  4125 | D:4      | Reached XP level 7. HP: 40/46 MP: 10/13
  4131 | D:4      | Bought a scroll of identify for 22 gold pieces
  4131 | D:4      | Bought a scroll of teleportation for 33 gold pieces
  4131 | D:4      | Bought a scroll of fog for 44 gold pieces
  4131 | D:4      | Bought a scroll of magic mapping for 82 gold pieces
  4282 | D:5      | Entered Level 5 of the Dungeon
  4383 | D:5      | Got Kulei's Anthology of Fascination
  4600 | D:5      | Identified the +8 ring mail of the End {*Slow rPois Regen+
                  | Int+3}
  4655 | D:5      | Found a hazy altar of Hepliaklqana.
  4858 | D:5      | Noticed a +0 dagger
  4859 | D:5      | Noticed a +0 spear
  4859 | D:5      | Noticed a +0 short sword
  4859 | D:5      | Noticed a +0 short sword
  4859 | D:5      | Noticed a +0 falchion
  4861 | D:5      | Noticed a +0 falchion
  4861 | D:5      | Noticed a +0 dagger
  4862 | D:5      | Noticed a +0 spear
  4888 | D:5      | Reached skill level 1 in Air Magic
  4888 | D:5      | Reached skill level 2 in Invocations
  4955 | D:5      | Found a hide-covered altar of Uskayaw.
  4975 | D:5      | Reached skill level 3 in Hexes
  5351 | D:5      | Reached skill level 4 in Polearms
  5351 | D:5      | Reached skill level 6 in Summonings
  5676 | D:6      | Reached XP level 8. HP: 52/52 MP: 11/14
  5875 | D:6      | Reached skill level 3 in Invocations
  5881 | D:6      | Reached * piety under Sif Muna
  5902 | D:6      | Reached skill level 2 in Air Magic
  5981 | D:6      | Reached skill level 5 in Spellcasting
  6155 | D:6      | Reached skill level 5 in Polearms
  6355 | D:6      | Found an ornate altar of the Wu Jian Council.
  6583 | D:6      | Found a runed translucent door.
  6584 | D:6      | Noticed Crazy Yiuf
  6662 | D:7      | Noticed a wyvern
  6812 | D:7      | Reached skill level 4 in Invocations
  6818 | D:7      | Reached XP level 9. HP: 35/57 MP: 10/17
  6822 | D:7      | Reached skill level 3 in Air Magic
  6823 | D:7      | Reached skill level 6 in Polearms
  6823 | D:7      | Reached skill level 7 in Summonings
  6907 | D:7      | Found Xaneoca's Armour Shoppe.
  7249 | D:7      | Reached ** piety under Sif Muna
  7284 | D:7      | Noticed Joseph
  7286 | D:7      | Identified the +1 scale mail of the Black Moon {Dex+2}
  7316 | D:7      | Killed Joseph
  7317 | D:7      | Reached skill level 5 in Invocations
  7447 | D:7      | Reached skill level 6 in Spellcasting
  7736 | D:7      | Reached skill level 7 in Polearms
  7736 | D:7      | Reached skill level 8 in Summonings
  8419 | D:2      | Killed Sigmund
  8885 | D:8      | Found a radiant altar of Vehumet.
  8948 | D:8      | Reached XP level 10. HP: 63/63 MP: 8/19
  9105 | D:8      | Reached skill level 6 in Invocations
  9526 | D:9      | Identified the +5 ring mail "Ophib" {Str+3}
  9556 | D:9      | Found a blossoming altar of Fedhas.
  9635 | D:9      | Reached skill level 8 in Polearms
  9635 | D:9      | Reached skill level 9 in Summonings
 10033 | D:9      | Reached skill level 7 in Spellcasting
 10243 | D:9      | Reached skill level 7 in Invocations
 10273 | D:9      | Reached skill level 10 in Summonings
 10285 | D:9      | Reached *** piety under Sif Muna
 10286 | D:9      | Reached skill level 9 in Polearms
 10292 | D:9      | Learned a level 5 spell: Summon Mana Viper
 10476 | D:10     | Entered Level 10 of the Dungeon
 10558 | D:10     | Reached skill level 3 in Dodging
 10573 | D:10     | Reached skill level 1 in Fighting
 10591 | D:10     | Noticed a cyclops
 10607 | D:10     | Reached XP level 11. HP: 70/70 MP: 18/22
 10618 | D:10     | Killed a cyclops
 10634 | D:10     | Found an iron altar of Okawaru.
 10739 | D:10     | Found a runed translucent door.
 10739 | D:10     | Noticed a centaur warrior
 10740 | D:10     | Noticed an ettin
 10749 | D:10     | Killed a centaur warrior
 10750 | D:10     | Reached skill level 2 in Fighting
 10750 | D:10     | Reached skill level 4 in Dodging
 10853 | D:10     | Noticed Erolcha
 10963 | D:10     | Found a staircase to the Lair.
 11277 | D:10     | Killed Erolcha
 11403 | D:10     | Noticed a tengu warrior
 11412 | D:10     | Killed a tengu warrior
 11413 | D:10     | Reached skill level 3 in Fighting
 11415 | D:10     | Noticed a cyclops
 11436 | D:10     | Killed a cyclops
 11443 | D:10     | Noticed a fire crab
 11461 | D:10     | Killed a fire crab
 11462 | D:10     | Reached skill level 5 in Dodging
 11462 | D:10     | Reached skill level 11 in Summonings
 11463 | D:10     | Killed an ettin
 11464 | D:10     | Reached skill level 10 in Polearms
 11464 | D:10     | Reached skill level 8 in Invocations
 11502 | D:10     | Noticed an anaconda
 11508 | D:10     | Killed an anaconda
 11509 | D:10     | Reached skill level 8 in Spellcasting
 11649 | D:10     | Learned a level 6 spell: Summon Cactus Giant
 11704 | Lair:1   | Entered Level 1 of the Lair of Beasts
 11757 | Lair:1   | Reached skill level 4 in Fighting
 11760 | Lair:1   | Identified the +0 cloak "Liotsyag" {rPois}
 11797 | Lair:1   | Reached XP level 12. HP: 75/83 MP: 21/24
 11870 | Lair:1   | Reached skill level 1 in Evocations
 11899 | Lair:1   | Reached **** piety under Sif Muna
 11922 | Lair:1   | Reached skill level 6 in Dodging
 11947 | Lair:1   | Found a runed translucent door.
 11988 | Lair:1   | Noticed a dire elephant
 11988 | Lair:1   | Noticed a catoblepas
 12190 | Lair:1   | Noticed Gastronok
 12201 | Lair:1   | Killed Gastronok
 12202 | Lair:1   | Reached skill level 2 in Evocations
 12248 | Lair:1   | Found a runed translucent door.
 12277 | Lair:1   | Noticed CoolSool's ghost (journeyman DrGl)
 12799 | Lair:2   | Reached skill level 5 in Fighting
 12805 | Lair:2   | Reached skill level 12 in Summonings
 12816 | Lair:2   | Reached skill level 7 in Dodging
 12950 | Lair:2   | Noticed Maggie
 12959 | Lair:2   | Killed Maggie
 12960 | Lair:2   | Reached skill level 11 in Polearms
 12960 | Lair:2   | Reached skill level 3 in Evocations
 13364 | Lair:3   | Reached skill level 9 in Invocations
 13420 | Lair:3   | Noticed Nergalle
 13433 | Lair:3   | Killed Nergalle
 13626 | Lair:3   | Reached XP level 13. HP: 92/92 MP: 21/25
 13647 | Lair:3   | Found a hole to the Spider Nest.
 13899 | Lair:3   | Found a staircase to the Shoals.
 14356 | Lair:3   | Reached skill level 6 in Fighting
 14356 | Lair:3   | Reached skill level 4 in Evocations
 14364 | Lair:3   | Reached skill level 8 in Dodging
 14429 | Lair:4   | Reached skill level 9 in Spellcasting
 14486 | Lair:4   | Reached ***** piety under Sif Muna
 14680 | Lair:4   | Learned a level 5 spell: Summon Forest
 14871 | Lair:4   | Received a gift from Sif Muna
 14872 | Lair:4   | Got Sif Muna's Codex of Blasts {god gift}
 14930 | Lair:4   | Reached skill level 13 in Summonings
 15046 | Lair:4   | Reached skill level 1 in Translocations
 15108 | Lair:4   | Reached skill level 12 in Polearms
 15256 | Lair:4   | Found a staircase to the Slime Pits.
 15307 | Lair:4   | Reached skill level 5 in Evocations
 15473 | Lair:5   | Entered Level 5 of the Lair of Beasts
 15487 | Lair:4   | Reached skill level 4 in Hexes
 15565 | Lair:5   | Reached skill level 7 in Fighting
 15565 | Lair:5   | Reached skill level 9 in Dodging
 15565 | Lair:5   | Reached skill level 2 in Translocations
 15628 | Lair:5   | Found a runed translucent gate.
 15628 | Lair:5   | Found a runed translucent gate.
 15628 | Lair:5   | Found a runed translucent gate.
 15757 | Lair:5   | Reached XP level 14. HP: 103/103 MP: 20/27
 15903 | Lair:5   | Noticed MCDelver's ghost (journeyman OpFE)
 16160 | Lair:5   | Received a gift from Sif Muna
 16298 | Lair:5   | Reached skill level 3 in Translocations
 16733 | Lair:5   | Killed MCDelver's ghost
 16734 | Lair:5   | Reached skill level 14 in Summonings
 17063 | D:4      | Bought a scroll of brand weapon for 104 gold pieces
 17063 | D:4      | Bought a scroll of poison for 44 gold pieces
 17063 | D:4      | Bought a scroll of amnesia for 44 gold pieces
 17174 | D:3      | Killed PaleRider's ghost
 17288 | D:6      | Killed Crazy Yiuf
 17576 | D:11     | Reached skill level 5 in Hexes
 17622 | D:11     | Reached skill level 6 in Evocations
 18140 | D:11     | You fall into a shaft and drop 1 floor!
 18246 | D:12     | Found a staircase to the Orcish Mines.
 18266 | D:12     | Reached skill level 10 in Dodging
 18702 | D:12     | Noticed Psyche
 18705 | D:12     | Killed Psyche
 18850 | D:11     | Reached skill level 8 in Fighting
 18854 | D:11     | Received a gift from Sif Muna
 18855 | D:11     | Got Sif Muna's Incunable of Chilblains {god gift}
 18864 | D:11     | Reached skill level 10 in Spellcasting
 19067 | D:11     | Noticed Sonja
 19068 | D:11     | Sonja changed into Sonja the wyvern
 19068 | D:11     | Noticed Sonja
 19073 | D:11     | Killed Sonja the wyvern
 19214 | Orc:1    | Entered Level 1 of the Orcish Mines
 19351 | Orc:1    | Learned a level 4 spell: Summon Ice Beast
 19663 | Orc:2    | Entered Level 2 of the Orcish Mines
 19663 | Orc:2    | Identified the +3 kite shield of Dyspraxia {rCorr Int+2}
 19663 | Orc:2    | Noticed Donald
 19663 | Orc:2    | Found a runed translucent door.
 19667 | Orc:2    | Noticed wogdood's ghost (journeyman SpBr)
 19688 | Orc:2    | Killed Donald
 19781 | Orc:2    | Noticed Jorgrun
 19785 | Orc:2    | Found a dark tunnel.
 19797 | Volcano  | Entered a volcano
 19876 | Volcano  | Reached skill level 1 in Ice Magic
 19919 | Volcano  | Reached skill level 4 in Translocations
 20150 | Volcano  | Reached XP level 15. HP: 94/111 MP: 24/29
 20353 | Volcano  | Reached skill level 1 in Shields
 20414 | Orc:2    | Killed Jorgrun
 20525 | Orc:2    | Found a runed translucent door.
 20679 | Orc:2    | Reached skill level 2 in Ice Magic
 20705 | Orc:2    | Found a staircase to the Elven Halls.
 20824 | Orc:1    | Found Ahoylox's Book Shop.
 21203 | Orc:2    | Received a gift from Sif Muna
 21204 | Orc:2    | Got Sif Muna's Precepts of the Vile Stinger {god gift}
 21309 | Orc:2    | Reached skill level 2 in Shields
 21364 | Orc:2    | Reached skill level 7 in Evocations
 21535 | Orc:2    | Reached skill level 11 in Dodging
 21802 | Orc:2    | Found Inio's Antique Weapon Boutique.
 21802 | Orc:2    | Found Naca's Antique Weapon Boutique.
 21803 | Orc:2    | Found Nutusch's Distillery.
 21803 | Orc:2    | Found Yppuiph's Weapon Boutique.
 21811 | Orc:2    | Bought a potion of heal wounds for 80 gold pieces
 21811 | Orc:2    | Bought a potion of haste for 160 gold pieces
 21811 | Orc:2    | Bought a potion of curing for 48 gold pieces
 21811 | Orc:2    | Bought a potion of heal wounds for 80 gold pieces
 21811 | Orc:2    | Bought a potion of heal wounds for 80 gold pieces
 21886 | Orc:2    | Reached skill level 3 in Ice Magic
 21901 | Orc:2    | Reached skill level 15 in Summonings
 22146 | Orc:2    | Killed wogdood's ghost
 22389 | D:7      | Bought the +3 troll leather armour of Brilliance {rPois rC+
                  | Regen+ rCorr} for 645 gold pieces
 22628 | D:13     | Reached skill level 9 in Fighting
 22784 | D:13     | Reached skill level 3 in Shields
 23405 | D:14     | Reached skill level 5 in Translocations
 23406 | D:14     | Received a gift from Sif Muna
 23407 | D:14     | Got Sif Muna's Teachings on the Door and Clay {god gift}
 23458 | D:14     | Reached ****** piety under Sif Muna
 23951 | D:14     | Reached XP level 16. HP: 103/120 MP: 2/30
 24096 | D:14     | Found a gate to the Vaults.
 24351 | D:14     | Noticed Azrael
 24366 | D:14     | Killed Azrael
 24526 | D:14     | Reached skill level 4 in Shields
 24670 | D:15     | Entered Level 15 of the Dungeon
 24788 | D:15     | Found a shimmering altar of Xom.
 24811 | D:15     | Reached skill level 8 in Evocations
 24827 | D:15     | Found a frozen archway.
 24841 | IceCv    | Entered an ice cave
 25130 | IceCv    | Reached skill level 12 in Dodging
 25243 | IceCv    | Reached skill level 11 in Spellcasting
 25268 | IceCv    | Received a gift from Sif Muna
 25269 | IceCv    | Got Sif Muna's Octavo of Forms and Open Graves {god gift}
 26070 | IceCv    | Noticed an Ice Fiend
 26071 | IceCv    | Noticed an Ice Fiend
 26117 | IceCv    | Killed an Ice Fiend
 26118 | IceCv    | Killed an Ice Fiend
 26119 | IceCv    | Reached skill level 16 in Summonings
 26567 | D:15     | Reached skill level 10 in Fighting
 26586 | D:15     | Noticed Agnes
 26592 | D:15     | Killed Agnes
 26967 | D:15     | Reached skill level 5 in Shields
 26978 | D:15     | Found a staircase to the Depths.
 27363 | Lair:1   | Learned a level 7 spell: Monstrous Menagerie
 27411 | Lair:1   | Killed CoolSool's ghost
 27712 | Shoals:1 | Entered Level 1 of the Shoals
 27751 | Shoals:1 | Found Pietugew's Weapon Shop.
 28466 | Shoals:1 | Noticed Mlioglotl
 28477 | Shoals:1 | Killed Mlioglotl
 28485 | Shoals:1 | Reached XP level 17. HP: 129/129 MP: 20/32
 28826 | Shoals:2 | Reached skill level 9 in Evocations
 28829 | Shoals:2 | Received a gift from Sif Muna
 28830 | Shoals:2 | Reached skill level 13 in Dodging
 28830 | Shoals:2 | Reached skill level 6 in Shields
 28830 | Shoals:2 | Got Sif Muna's Enchiridion on the Unified Wind {god gift}
 28862 | Shoals:2 | Noticed Ilsuiw
 28910 | Shoals:2 | Killed Ilsuiw
 29060 | Shoals:2 | You fall into a shaft and drop 1 floor!
 29442 | Shoals:2 | Noticed a kraken
 29466 | Shoals:2 | Killed a kraken
 29933 | Shoals:2 | Reached skill level 17 in Summonings
 29996 | Shoals:2 | Reached skill level 11 in Fighting
 30379 | Shoals:2 | Got the Anthology of Different Nightshade
 30713 | Shoals:3 | Found a transporter.
 30800 | Shoals:3 | Found a transporter.
 30804 | Shoals:3 | Noticed Xeucuol's ghost (adept MiFi)
 30958 | Shoals:3 | Noticed Mara
 31030 | Shoals:3 | Killed Mara
 31246 | Shoals:3 | Found Buomp's CLEARANCE SALE!.
 31571 | Shoals:4 | Entered Level 4 of the Shoals
 31571 | Shoals:4 | Found Raubuxa's Jewellery Shoppe.
 31614 | Shoals:4 | Reached skill level 7 in Shields
 31701 | Shoals:4 | Reached skill level 12 in Spellcasting
 31850 | Shoals:4 | Identified the +3 steam dragon scales of Joy {Str+3 Int+3}
 32043 | Shoals:4 | Reached XP level 18. HP: 46/138 MP: 9/34
 32136 | Shoals:4 | Received a gift from Sif Muna
 32146 | Shoals:4 | Reached skill level 13 in Polearms
 32736 | Shoals:4 | Reached skill level 10 in Evocations
 32793 | Shoals:4 | Got a barnacled rune of Zot
 33032 | Shoals:4 | Identified the +1 long sword of Guile {venom, Str+3}
 33554 | Orc:2    | Reached skill level 14 in Dodging
 33590 | Elf:1    | Entered Level 1 of the Elven Halls
 33670 | Elf:1    | Found the +8 longbow "Zephyr" {speed, Dex+3 SInv}
 33856 | Elf:1    | Got Deyxkuxt's Catalogue of the Retinue
 33935 | Elf:1    | Paralysed by an air elemental for 1 turns
 33939 | Elf:1    | Paralysed by an air elemental for 1 turns
 33942 | Elf:1    | Paralysed by an air elemental for 1 turns
 34048 | Elf:1    | Reached skill level 13 in Spellcasting
 34048 | Elf:1    | Reached XP level 19. HP: 140/145 MP: 30/36
 34057 | Elf:1    | Learned a level 7 spell: Summon Hydra
 34605 | Elf:2    | Noticed a Brimstone Fiend
 34837 | Elf:2    | Received a gift from Sif Muna
 34933 | Elf:2    | Got Sif Muna's Quarto of the Bloody Gift {god gift}
 35073 | Elf:2    | Found a shimmering altar of Xom.
 35222 | Elf:2    | Reached skill level 18 in Summonings
 35232 | Elf:2    | Found a runed translucent gate.
 35233 | Elf:2    | Found a runed translucent gate.
 35233 | Elf:2    | Found a runed translucent gate.
 35397 | Elf:2    | Reached skill level 12 in Fighting
 35412 | Elf:2    | Reached skill level 8 in Shields
 36318 | Elf:2    | Reached skill level 14 in Spellcasting
 36346 | Elf:2    | Reached skill level 14 in Polearms
 36454 | Elf:2    | Reached XP level 20. HP: 140/153 MP: 25/38
 36824 | Elf:3    | Entered Level 3 of the Elven Halls
 36843 | Elf:3    | Reached skill level 15 in Dodging
 37101 | Elf:3    | Paralysed by an air elemental for 1 turns
 37222 | Elf:3    | Identified the +7 quarterstaff of Chagrin {venom, Stlth+}
 37605 | Elf:3    | Found Tirhonie's Jewellery Shop.
 37743 | Elf:3    | Reached skill level 9 in Shields
 37894 | Elf:3    | Received a gift from Sif Muna
 37895 | Elf:3    | Got Sif Muna's Monograph on Fog and Refrigeration {god
                  | gift}
 38093 | Elf:3    | Identified the ring of Kutwef {rC+ Will+ Int+6}
 38403 | Elf:3    | Reached skill level 19 in Summonings
 38460 | Elf:3    | Identified the ring of Xom's Entertainment {rElec Will++
                  | rCorr Str+6 Int-4}
 38578 | Elf:3    | Identified the +8 hand crossbow "Wikeunle" {drain, Str+6}
 38579 | Elf:3    | Identified the +4 ring mail of Claustrophobia {Dex+3}
 38582 | Elf:3    | Identified the +2 pair of boots of Tomorrow {Str+5}
 38631 | Elf:3    | Got Sif Muna's Textbook on Meteoric Doom
 38632 | Elf:3    | Identified the +3 giant spiked club of the Unliving {speed,
                  | rF- Int+4}
 38680 | Elf:3    | Identified the +1 sling of Caucarao {flame, MP+9 Str-4
                  | Int+5}
 38847 | Elf:3    | Reached skill level 13 in Fighting
 39230 | Elf:3    | Found Tirhonie's Jewellery Shop.
 39324 | Elf:3    | Identified the +1 chain mail "Mosui" {Harm rElec}
 39781 | Vaults:1 | Entered Level 1 of the Vaults
 39967 | Vaults:1 | Reached skill level 15 in Spellcasting
 40369 | Vaults:1 | Learned a level 4 spell: Animate Armour
 40777 | Vaults:1 | Reached XP level 21. HP: 163/163 MP: 40/40
 40984 | Vaults:1 | Reached skill level 10 in Shields
 41301 | Vaults:2 | Received a gift from Sif Muna
 41512 | Vaults:2 | Upgraded the game from 0.30-a0-719-gcc4359ea44 to
                  | 0.30-a0-737-gf23d94013f
 41702 | Vaults:2 | Reached skill level 1 in Armour
 42568 | Vaults:2 | Reached skill level 20 in Summonings
 42765 | Vaults:2 | Found a staircase to the Crypt.
 42988 | Vaults:3 | Reached skill level 2 in Armour
 43053 | Vaults:3 | Reached skill level 16 in Spellcasting
 43259 | Vaults:3 | Reached skill level 14 in Fighting
 43271 | Vaults:3 | Received a gift from Sif Muna
 43293 | Vaults:3 | Got Sif Muna's Directory of Creation {god gift}
 43322 | Vaults:3 | Identified the +12 shortbow of Joyful Slaughter {freeze,
                  | Dex+2}
 43461 | Vaults:3 | Noticed Bai Suzhen
 43472 | Vaults:3 | Killed Bai Suzhen
 43648 | Vaults:3 | Noticed Frederick
 43663 | Vaults:3 | Reached skill level 3 in Armour
 43668 | Vaults:3 | Killed Frederick
 43996 | Vaults:3 | Got the Secrets of Hurting
 44233 | Vaults:3 | Noticed Zenata
 44253 | Vaults:3 | Killed Zenata
 44613 | Vaults:4 | Reached XP level 22. HP: 173/173 MP: 42/42
 44875 | Vaults:4 | Found a huge runed gate.
 44875 | Vaults:4 | Found a huge runed gate.
 44875 | Vaults:4 | Found a huge runed gate.
 44875 | Vaults:4 | Found a huge runed gate.
 44875 | Vaults:4 | Found a huge runed gate.
 44886 | Vaults:4 | Found a huge runed gate.
 44886 | Vaults:4 | Found a huge runed gate.
 44886 | Vaults:4 | Found a huge runed gate.
 44886 | Vaults:4 | Found a huge runed gate.
 44886 | Vaults:4 | Found a huge runed gate.
 44901 | Vaults:4 | Found a huge runed gate.
 44902 | Vaults:4 | Found a huge runed gate.
 44904 | Vaults:4 | Found a huge runed gate.
 44905 | Vaults:4 | Found a huge runed gate.
 44906 | Vaults:4 | Found a huge runed gate.
 44907 | Vaults:4 | Found a huge runed gate.
 44917 | Vaults:4 | Found a huge runed gate.
 44917 | Vaults:4 | Found a huge runed gate.
 44917 | Vaults:4 | Found a huge runed gate.
 44917 | Vaults:4 | Found a huge runed gate.
 44917 | Vaults:4 | Found a huge runed gate.
 44917 | Vaults:4 | Found a huge runed gate.
 44918 | Vaults:4 | Found a huge runed gate.
 45019 | Vaults:4 | Found a huge runed gate.
 45020 | Vaults:4 | Found a huge runed gate.
 45028 | Vaults:4 | Found a huge runed gate.
 45028 | Vaults:4 | Found a huge runed gate.
 45028 | Vaults:4 | Found a huge runed gate.
 45028 | Vaults:4 | Found a huge runed gate.
 45028 | Vaults:4 | Found a huge runed gate.
 45028 | Vaults:4 | Found a huge runed gate.
 45029 | Vaults:4 | Found a huge runed gate.
 45030 | Vaults:4 | Found a huge runed gate.
 45031 | Vaults:4 | Found a huge runed gate.
 45039 | Vaults:4 | Found a huge runed gate.
 45039 | Vaults:4 | Found a huge runed gate.
 45411 | Vaults:4 | Reached skill level 4 in Armour
 45517 | Vaults:4 | Received a gift from Sif Muna
 45539 | Vaults:4 | Got Sif Muna's Omnibus of United Spellbinding {god gift}
 45647 | Vaults:4 | Reached skill level 17 in Spellcasting
 45693 | Vaults:4 | Found a huge runed gate.
 45693 | Vaults:4 | Found a huge runed gate.
 45693 | Vaults:4 | Found a huge runed gate.
 45693 | Vaults:4 | Found a huge runed gate.
 45693 | Vaults:4 | Found a huge runed gate.
 45693 | Vaults:4 | Found a huge runed gate.
 45694 | Vaults:4 | Found a huge runed gate.
 45694 | Vaults:4 | Found a huge runed gate.
 45694 | Vaults:4 | Found a huge runed gate.
 45694 | Vaults:4 | Found a huge runed gate.
 45697 | Vaults:4 | Found a huge runed gate.
 45697 | Vaults:4 | Found a huge runed gate.
 45697 | Vaults:4 | Found a huge runed gate.
 45697 | Vaults:4 | Found a huge runed gate.
 45697 | Vaults:4 | Found a huge runed gate.
 45697 | Vaults:4 | Found a huge runed gate.
 45698 | Vaults:4 | Found a huge runed gate.
 45699 | Vaults:4 | Found a huge runed gate.
 45700 | Vaults:4 | Found a huge runed gate.
 45710 | Vaults:4 | Found a huge runed gate.
 45710 | Vaults:4 | Found a huge runed gate.
 45710 | Vaults:4 | Found a huge runed gate.
 45710 | Vaults:4 | Found a huge runed gate.
 45710 | Vaults:4 | Found a huge runed gate.
 45710 | Vaults:4 | Found a huge runed gate.
 45711 | Vaults:4 | Found a huge runed gate.
 45712 | Vaults:4 | Found a huge runed gate.
 45713 | Vaults:4 | Found a huge runed gate.
 45721 | Vaults:4 | Found a huge runed gate.
 45721 | Vaults:4 | Found a huge runed gate.
 45721 | Vaults:4 | Found a huge runed gate.
 45721 | Vaults:4 | Found a huge runed gate.
 45721 | Vaults:4 | Found a huge runed gate.
 45721 | Vaults:4 | Found a huge runed gate.
 45722 | Vaults:4 | Found a huge runed gate.
 45723 | Vaults:4 | Found a huge runed gate.
 45744 | Vaults:4 | Reached skill level 21 in Summonings
 46425 | Vaults:4 | Reached skill level 15 in Fighting
 47040 | Vaults:4 | Learned a level 2 spell: Blink
 47062 | Vaults:5 | Entered Level 5 of the Vaults
 47212 | Vaults:4 | Received a gift from Sif Muna
 47369 | Vaults:4 | Reached skill level 5 in Armour
 47853 | Vaults:5 | Reached XP level 23. HP: 182/182 MP: 10/44
 47859 | Vaults:5 | Noticed a dread lich
 48242 | Vaults:4 | Killed a dread lich
 48729 | Vaults:4 | Reached skill level 18 in Spellcasting
 49357 | Vaults:4 | Reached skill level 22 in Summonings
 49370 | Vaults:4 | Learned a level 8 spell: Summon Horrible Things
 49765 | Vaults:5 | Noticed an ancient lich
 49787 | Vaults:5 | Received a gift from Sif Muna
 49788 | Vaults:5 | Got Sif Muna's Papyrus of the Familiar Pyre {god gift}
 49810 | Vaults:5 | Identified the ring "Nuploch" {rC+ Str+2 Int+3 SInv}
 49824 | Vaults:5 | Killed an ancient lich
 49832 | Vaults:5 | Identified the +4 great mace of Titafosu {heavy, +Blink}
 49864 | Vaults:5 | Killed from afar by a tengu reaver

Illustrated notes

Levels and vault maps discovered:
D:1:      dpeg_arrival_radiant, layout_loops_cross,
          minmay_misc_feat_four_crosses
D:2:      layout_loops_corners, uniq_sigmund
D:3:      minmay_roachtagon, layout_loops_ring, mainiacjoe_overflow_brackets,
          nicolae_dithmenos_shadow_blocks, gammafunk_ghost_split,
          minmay_misc_feat_cross, grunt_ministairs_5, minmay_rat_hole
D:4:      layout_loops_ring, nzn_overflow_gifts_of_might_and_magic,
          lemuel_temple_firewalk_a, serial_shops, nicolae_inconvenience_store
D:5:      layout_layer_cave, nicolae_uskayaw_en_pointe, kennysheep_mini_moat
D:6:      layout_gridville, kennysheep_little_box, kennysheep_generic_room_3,
          uniq_crazy_yiuf_cottage
D:7:      layout_basic, serial_shops, nicolae_shop_waterfront,
          chequers_serial_rivers_large_a, roderic_roman_lattice, uniq_joseph
D:8:      layout_loops_ring, vehumet_crystals, serial_glass, glass_columns_a,
          glass_columns_a, glass_columns_a, glass_columns_a,
          kennysheep_minor_cross
D:9:      nzn_winding_woodlands_small [nzn_winding_woodlands_5x15_pockets,
          nzn_winding_woodlands_center_garden,
          nzn_winding_woodlands_5x15_zeroes], layout_loops_ring,
          fedhas_ov_isle_minmay
D:10:     layout_rooms, okawaru_trees_1, lair_entry_dummy, minivault_13,
          uniq_erolcha
D:11:     layout_basic, minmay_starry_boxes, uniq_sonja
D:12:     layout_loops_ring, david_orc_3, uniq_psyche
D:13:     layout_basic, minivault_20, minmay_splitting_lines,
          minmay_misc_feat_hallway
D:14:     layout_loops_corners, grunt_vaults_entry_tiered,
          nicolae_triple_integral, minmay_misc_feat_tower,
          minmay_guarded_unrand_curses, uniq_azrael
D:15:     grunt_enter_depths_hoard, layout_loops_corners,
          portal_ice_cave_entry_pillars_three, dreamdust_princess_bridge,
          xom_teletrap_fun, uniq_agnes
Temple:   hellmonk_temple_forest_ring
Lair:1:   gammafunk_lair_enchanted_lake, layout_chaotic_city,
          hellmonk_ghost_happy_afterlife, grunt_forest_stairs_basic,
          chequers_serial_rivers_micro_b, uniq_gastronok
Lair:2:   layout_gridlike, uniq_maggie
Lair:3:   layout_regular_city, minmay_shoals_entry_centaurs,
          spider_nest_entry_funnel_web, grunt_megastairs_5, uniq_nergalle
Lair:4:   layout_roguey [special_room_bee], nicolae_slime_entry_field_trip,
          amcnicky_mini_pool_medium, grunt_megastairs_2, lemuel_fruit_tree,
          serial_bayou_shore_a
Lair:5:   hangedman_lair_tendril_chambers, layout_gridlike, gammafunk_ghost_icy
Shoals:1: layout_shoals, serial_shops, shop, uniq_mlioglotl
Shoals:2: layout_shoals, nicolae_shoals_enchanted_isle, uniq_ilsuiw
Shoals:3: layout_shoals, gammafunk_ghost_berserking_beasts,
          nicolae_shop_clearance, uniq_mara
Shoals:4: shoals_end_grunt_ice, layout_shoals, serial_shops, shop
Orc:1:    layout_caves, serial_shops, nicolae_diamond_shop
Orc:2:    st_orc_pillars, layout_caves, enter_volcano_1,
          ebering_ghost_inner_flame, lightli_church_of_beogh, uniq_jorgrun,
          uniq_donald
Elf:1:    eino_elf_arrival_customs, layout_geoelf_diagonals,
          minmay_elf_demonology
Elf:2:    nicolae_elf_blades_crystal_corner, layout_geoelf_diagonals,
          basic_altar, serial_sigils_hangedman_quiver,
          nicolae_elf_deep_mausoleum
Elf:3:    grunt_elf_hall_diamonds, layout_onion_city, serial_shops,
          nicolae_lakefront_shop, guppyfry_library_mini
Vaults:1: ontoclasm_vaults_bender, hangedman_vaults_slither, v_misc_23,
          vaults_mumra_hexcomb, hangedman_vaults_nails,
          nicolae_vaults_disjoint_gnomons, v_misc_13, v_misc_17,
          vaults_mumra_hex, hangedman_vaults_stream, vaults_dpeg_ring,
          vaults_room_ringed_pool, ontoclasm_vaults_decontamination,
          ontoclasm_vaults_shuriken, layout_vaults_maze_snakey
Vaults:2: nicolae_vaults_network_star, v_misc_22, vaults_mumra_lcd,
          ontoclasm_vaults_ring_large, grunt_vaults_funnel,
          vaults_mumra_chevron, nicolae_vaults_twisting_passages,
          blue_anna_dwarven_crypt, nicolae_vaults_little_squares_2,
          layout_vaults_omnigrid, uniq_margery
Vaults:3: nicolae_vaults_stairing_the_circle, v_misc_29, v_misc_11, st_diamondy,
          ontoclasm_vaults_spin, v_misc_16, nicolae_vaults_little_ls,
          nicolae_vaults_network_s, vaults_dpeg_emergency_exit,
          layout_vaults_chaotic_city, uniq_bai_suzhen, uniq_zenata,
          uniq_frederick
Vaults:4: ontoclasm_vaults_idyll, vaults_room_fancy_cross,
          nicolae_vaults_angled_halls, grunt_vaults_trifunnel,
          vaults_dpeg_spiral, grunt_vaults_twisty,
          nicolae_vaults_mini_display_case, v_misc_10, door_vault,
          vaults_room_stairs_pillars, not_door_vault_mu, v_misc_25, v_rooms_2,
          ontoclasm_vaults_loading_screen, layout_vaults_omnibox
Vaults:5

Skill      XL: |  1  2  3  4  5  6  7  8  9 10 11 12 13 14 15 16 17 18 19 20 21 22 23 |
---------------+----------------------------------------------------------------------+-----
Spellcasting   | 3 4 5 6 7 8 9 10 11 12 13 14 15 16 17 18 | 18.3
Summonings     | 5 6 8 10 11 12 13 14 15 16 17 18 19 20 21 22 | 22.1
Hexes          | 1 2 3 4 5 |  5.0
Polearms       | 2 3 4 5 7 9 10 11 12 13 14 | 14.0
Invocations    | 1 2 4 5 7 8 9 |  9.0
Air Magic      | 1 2 3 |  3.0
Dodging        | 3 5 7 9 10 11 12 13 14 15 | 15.0
Fighting       | 1 4 5 7 8 9 10 11 12 13 14 15 | 15.8
Evocations     | 3 5 6 7 8 9 10 | 10.0
Translocations | 2 4 5 |  5.0
Ice Magic      | 1 3 |  3.0
Shields        | 3 5 7 8 9 10 | 10.0
Armour         | 3 5 |  5.9
Stealth        | |  2.1

Action                     |  1- 3 |  4- 6 |  7- 9 | 10-12 | 13-15 | 16-18 | 19-21 | 22-24 || total
---------------------------+-------+-------+-------+-------+-------+-------+-------+-------++-------
  Melee: Staff             |    99 |    68 |       |       |       |       |       |       ||   167
         Unarmed           |     7 |       |       |       |       |       |       |       ||     7
         Spear             |       |    33 |       |   473 |  1388 |   431 |       |       ||  2325
         Trident           |       |    57 |   228 |     1 |       |   447 |       |       ||   733
         Punch             |       |     1 |     1 |     7 |    23 |     3 |       |       ||    35
         Tailslap          |       |       |       |     2 |       |    35 |       |       ||    37
         Demon trident     |       |       |       |       |       |   145 |   773 |   550 ||  1468
  Throw: Dart              |       |     3 |     1 |       |       |       |       |       ||     4
   Cast: Summon Small Mamm |    20 |     6 |     4 |       |     1 |       |       |       ||    31
         Call Imp          |     7 |    12 |    11 |     5 |       |       |       |       ||    35
         Call Canine Famil |       |    15 |    45 |    45 |    68 |    45 |    49 |     8 ||   275
         Summon Guardian G |       |     1 |     5 |    12 |     6 |     1 |     2 |       ||    27
         Summon Lightning  |       |       |       |    11 |    23 |     7 |     7 |       ||    48
         Summon Mana Viper |       |       |       |     3 |    12 |    12 |    30 |     4 ||    61
         Summon Cactus Gia |       |       |       |       |    80 |   126 |   119 |    48 ||   373
         Summon Ice Beast  |       |       |       |       |     7 |    23 |     3 |     3 ||    36
         Summon Forest     |       |       |       |       |     2 |    12 |     7 |    19 ||    40
         Monstrous Menager |       |       |       |       |       |    15 |    24 |    18 ||    57
         Summon Hydra      |       |       |       |       |       |       |    76 |    63 ||   139
         Animate Armour    |       |       |       |       |       |       |     1 |       ||     1
         Blink             |       |       |       |       |       |       |       |    17 ||    17
 Invoke: Channel Magic     |       |       |       |       |     4 |     7 |    11 |     4 ||    26
  Evoke: Wand              |       |       |       |     2 |     8 |    22 |     1 |     4 ||    37
         Lightning rod     |       |       |       |       |       |     1 |       |       ||     1
         Condenser vane    |       |       |       |       |       |       |       |     1 ||     1
    Use: Scroll            |       |       |     6 |     7 |     9 |     5 |     6 |     9 ||    42
         Potion            |       |       |       |       |     1 |    11 |     2 |    18 ||    32
   Stab: Sleeping          |     7 |     5 |     4 |     2 |     1 |       |     3 |     1 ||    23
         Distracted        |     1 |     1 |     3 |     8 |    17 |    19 |    14 |    19 ||    82
         Paralysed         |       |       |       |       |       |     1 |    10 |       ||    11
         Betrayed ally     |       |       |       |       |       |     1 |       |       ||     1
         Invisible         |       |       |       |       |       |       |       |     1 ||     1
 Armour: Robe              |    29 |    43 |    26 |       |       |       |       |       ||    98
         Ring mail         |       |       |   104 |   168 |   180 |       |       |       ||   452
         Troll leather arm |       |       |       |       |    18 |   118 |    73 |   116 ||   325
  Dodge: Dodged            |    98 |    99 |   148 |   325 |   616 |   481 |   336 |   313 ||  2416
  Block: Kite shield       |       |       |       |       |       |   342 |   355 |   305 ||  1002

Table legend: (Time is in decaauts)
 A = Elapsed time spent in this place.
 B = Non-inter-level travel time spent in this place.
 C = Inter-level travel time spent in this place.
 D = Time resting spent in this place.
 E = Time spent auto-exploring this place.
 F = Levels seen in this place.
 G = Mean time per level.
                   A        B        C        D        E       F      G
               +--------+--------+--------+--------+--------+-----+--------+
         Total |  47548 |  43745 |   3803 |   7610 |  20741 |  37 | 1285.1 |
       Dungeon |  17698 |  15668 |   2030 |   1696 |   9457 |  15 | 1179.9 |
        Temple |    154 |    140 |     14 |      0 |    131 |   1 |  154.0 |
          Lair |   5156 |   4664 |    492 |    235 |   2878 |   5 | 1031.2 |
        Shoals |   4433 |   4304 |    129 |    836 |   1489 |   4 | 1108.2 |
  Orcish Mines |   2519 |   2292 |    227 |    356 |    978 |   2 | 1259.5 |
   Elven Halls |   5817 |   5623 |    194 |   1245 |   2225 |   3 | 1939.0 |
        Vaults |   9785 |   9071 |    714 |   2142 |   3433 |   5 | 1957.0 |
      Ice Cave |   1416 |   1416 |      0 |    777 |    149 |   1 | 1416.0 |
       Volcano |    565 |    565 |      0 |    322 |      0 |   1 |  565.0 |
               +--------+--------+--------+--------+--------+-----+--------+

Top non-repeatable levels by time:
Vaults:4: 4719 daAuts
   Elf:3: 2362 daAuts
   Elf:2: 2013 daAuts
Vaults:3: 1768 daAuts
Vaults:2: 1674 daAuts
   Orc:2: 1671 daAuts
Shoals:2: 1659 daAuts
     D:4: 1632 daAuts
    D:14: 1526 daAuts
   Elf:1: 1442 daAuts
   IceCv: 1416 daAuts
Vaults:1: 1393 daAuts
     D:7: 1363 daAuts
     D:6: 1357 daAuts
     D:5: 1327 daAuts
